 Dungeon Crawl Stone Soup version 0.29.0-4-gdea44cf6ec (webtiles) character file.

Game seed: 2065580494192937841

561666 pdpol the Conqueror (level 25, -4/257 HPs)
             Began as a Minotaur Fighter on Aug 28, 2022.
             Was a High Priest of Okawaru.
             Killed from afar by an orb of fire (15 damage)
             ... with a bolt of fire
             ... in the Arena.
             The game lasted 01:37:04 (64637 turns).

pdpol the Conqueror (Minotaur Fighter)             Turns: 64637, Time: 01:37:04

Health: -4/257     AC: 44    Str: 33      XL:     25   Next: 36%
Magic:  26/34      EV: 21    Int:  8      God:    Okawaru [*****.]
Gold:   4622       SH: 22    Dex: 21 (22) Spells: 24/24 levels left

rFire   + + .      SeeInvis +   h - +8 broad axe of an ice cave {venom, rN+++ Int-3 Dex+3 SInv}
rCold   + + .      Faith    .   b - +1 kite shield {AC+3} {AC+3}
rNeg    + + +      Spirit   .   L - +6 gold dragon scales
rPois   +          Reflect  +   e - +0 mask of the Dragon {Will+ Slay+3 SInv}
rElec   +          Harm     .   y - +2 cloak
rCorr   +          Rampage  +   X - +2 pair of gloves of the Invisible Dances {Str+3}
Will    +++..      Rage     3%  v - +2 pair of boots "Jounuy" {Rampage rElec rPois Will+}
Stlth   ..........              O - amulet "Yshen" {Reflect rPois Int+2 SH+5 SInv}
HPRegen 0.52/turn               Y - ring of the Gloaming {rElec AC+4 Int+4 Stlth+}
MPRegen 0.24/turn               n - +6 ring of dexterity

@: resistant, finesse-ful, on berserk cooldown, hasted and slowed, duelling
A: horns 2, retaliatory headbutt, berserk 1, deformed body, deterioration 1,
high MP 1, sturdy frame 1
}: 3/15 runes: barnacled, silver, gossamer
a: Renounce Religion, Heroism, Finesse, Duel


You were in the Arena.
You worshipped Okawaru.
Okawaru was extremely pleased with you.
You visited 10 branches of the dungeon, and saw 46 of its levels.
You also visited: Gauntlet.

You collected 5894 gold pieces.
You spent 1272 gold pieces at shops.

Inventory:

Hand Weapons
 a - the +4 broad axe of the Ageless Realms {flame, rElec rF++ Will+ Int-4}
   (You acquired it on level 9 of the Dungeon)

   It burns those it strikes, dealing additional fire damage.
   Big, fiery blades are also staple armaments of hydra-hunters.
   Int:       It affects your intelligence (-4).
   rF:        It greatly protects you from fire.
   rElec:     It insulates you from electricity.
   Will:      It increases your willpower.
 h - the +8 broad axe of an ice cave (weapon) {venom, rN+++ Int-3 Dex+3 SInv}
   (Okawaru gifted it to you on level 3 of the Spider Nest)

   It poisons the flesh of those it strikes.
   Int:       It affects your intelligence (-3).
   Dex:       It affects your dexterity (+3).
   rN:        It renders you almost immune to negative energy.
   SInv:      It lets you see invisible.
Missiles
 j - 5 throwing nets {=f}
 F - 54 poisoned darts
 S - 36 boomerangs (quivered)
 U - 18 silver javelins
 V - 7 boomerangs of dispersal {=f}
Armour
 b - a +1 kite shield of protection (worn) {AC+3}
 e - the +0 mask of the Dragon (worn) {Will+ Slay+3 SInv}
   (You found it on level 2 of the Depths)

   Slay:      It affects your accuracy & damage with ranged weapons and melee
   (+3).
   SInv:      It lets you see invisible.
   Will:      It increases your willpower.
 g - the +9 plate armour "Hieqiymo" {rC+ rCorr Dex-5}
   (You bought it in a shop on level 1 of the Orcish Mines)

   Dex:       It affects your dexterity (-5).
   rC:        It protects you from cold.
   rCorr:     It protects you from acid and corrosion.
 v - the +2 pair of boots "Jounuy" (worn) {Rampage rElec rPois Will+}
   (Okawaru gifted it to you on level 4 of the Spider Nest)

   rElec:     It insulates you from electricity.
   rPois:     It protects you from poison.
   Rampage:   It bestows one free step when moving towards enemies.
   Will:      It increases your willpower.
 y - a +2 cloak (worn)
 L - +6 gold dragon scales (worn)
 X - the +2 pair of gloves of the Invisible Dances (worn) {Str+3}
   (You found it on level 2 of the Shoals)

   Str:       It affects your strength (+3).
Jewellery
 c - a +4 ring of protection
 n - a +6 ring of dexterity (right hand)
 s - a ring of flight
 C - a ring of resist corrosion
 O - the amulet "Yshen" (around neck) {Reflect rPois Int+2 SH+5 SInv}
   (You acquired it on level 2 of the Lair of Beasts)

   [amulet of reflection]

   It reflects blocked missile attacks.
   Int:       It affects your intelligence (+2).
   rPois:     It protects you from poison.
   SInv:      It lets you see invisible.
   SH:        It affects your SH (+5).
 R - a ring of magical power {MP+9}
 W - a ring of wizardry {Wiz+}
 Y - the ring of the Gloaming (left hand) {rElec AC+4 Int+4 Stlth+}
   (You found it on level 4 of the Shoals)

   [ring of protection]

   AC:        It affects your AC (+4).
   Int:       It affects your intelligence (+4).
   rElec:     It insulates you from electricity.
   Stlth:     It makes you more stealthy.
Wands
 f - a wand of flame (42)
 m - a wand of light (8)
 u - a wand of iceblast (59)
 D - a wand of digging (27)
 I - a wand of polymorph (14)
 J - a wand of mindburst (24)
Scrolls
 i - 6 scrolls of poison
 l - 11 scrolls of immolation {!r}
 t - 23 scrolls of teleportation
 x - 8 scrolls of vulnerability {!r!r}
 H - a scroll of silence
 K - 5 scrolls of blinking {!r}
 N - 5 scrolls of fear
Potions
 d - 11 potions of might
 k - 9 potions of flight
 o - 2 potions of resistance
 p - 11 potions of attraction {!q}
 r - 12 potions of brilliance
 w - 4 potions of lignification {!q}
 z - 7 potions of ambrosia
 A - 7 potions of mutation {!q}
 B - 11 potions of curing
 E - 6 potions of cancellation
 G - 4 potions of haste
 M - 5 potions of berserk rage {!q}
 T - 2 potions of invisibility
Miscellaneous
 P - a condenser vane


   Skills:
 O Level 27 Fighting
 - Level 18.0 Axes
 - Level 4.0 Throwing
 * Level 24.9 Armour
 + Level 21.7 Dodging
 + Level 18.7 Shields
 - Level 12.0 Invocations
 - Level 12.0 Evocations


You had 24 spell levels left.
You didn't know any spells.
Your spell library contained the following spells:

 Spells                   Type           Power      Damage    Failure   Level
 Freeze                   Ice            0%         1d3       95%         1
 Sandblast                Erth           0%         2d4       95%         1
 Shock                    Conj/Air       0%         1d3       95%         1
 Sting                    Tmut/Pois      0%         1d3       95%         1
 Blink                    Tloc           0%         N/A       99%         2
 Passwall                 Tmut/Erth      0%         N/A       99%         2
 Poisonous Vapours        Pois/Air       0%         N/A       99%         2
 Scorch                   Fire           0%         2d5       99%         2
 Static Discharge         Conj/Air       0%         3-3/arc   99%         2
 Wereblood                Tmut           0%         N/A       99%         2
 Conjure Flame            Conj/Fire      0%         6-21      100%        3
 Dazzling Flash           Conj/Hex       0%         N/A       100%        3
 Frozen Ramparts          Ice            0%         1d1       100%        3
 Ignite Poison            Fire/Tmut/Pois 0%         N/A       100%        3
 Inner Flame              Hex/Fire       0%         N/A       100%        3
 Mephitic Cloud           Conj/Pois/Air  0%         N/A       100%        3
 Ozocubu's Armour         Ice            0%         N/A       100%        3
 Portal Projectile        Hex/Tloc       0%         N/A       100%        3
 Stone Arrow              Conj/Erth      0%         3d7       100%        3
 Swiftness                Air            0%         N/A       100%        3
 Airstrike                Air            0%         2d(0-16)  100%        4
 Cause Fear               Hex            0%         N/A       100%        4
 Corpse Rot               Necr/Pois/Air  0%         N/A       100%        4
 Dispel Undead            Necr           0%         3d6       100%        4
 Flame Wave               Conj/Fire      0%         2d4       100%        4
 Hailstorm                Conj/Ice       0%         3d3       100%        4
 Olgreb's Toxic Radiance  Pois           0%         N/A       100%        4
 Petrify                  Tmut/Erth      0%         N/A       100%        4
 Sticky Flame             Conj/Fire      0%         2d3       100%        4
 Agony                    Necr           0%         N/A       100%        5
 Alistair's Intoxication  Tmut/Pois      0%         N/A       100%        5
 Blade Hands              Tmut           0%         N/A       100%        5
 Borgnjor's Vile Clutch   Necr/Erth      0%         N/A       100%        5
 Freezing Cloud           Conj/Ice/Air   0%         6-21      100%        5
 Irradiate                Conj/Tmut      0%         3d11      100%        5
 Iskenderun's Battlesphe  Conj           0%         2d6       100%        5
 Lightning Bolt           Conj/Air       0%         1d11      100%        5
 Manifold Assault         Tloc           0%         N/A       100%        5
 Metabolic Englaciation   Hex/Ice        0%         N/A       100%        5
 Silence                  Hex/Air        0%         N/A       100%        5
 Yara's Violent Unravell  Hex/Tmut       0%         3d3       100%        5
 Conjure Ball Lightning   Conj/Air       0%         3x3d6     100%        6
 Dispersal                Tloc           0%         N/A       100%        6
 Eringya's Noxious Bog    Tmut/Pois      0%         N/A       100%        6
 Iron Shot                Conj/Erth      0%         9d1       100%        6
 Starburst                Conj/Fire      0%         6d3       100%        6
 Statue Form              Tmut/Erth      0%         N/A       100%        6
 Dragon Form              Tmut           0%         N/A       100%        7
 Orb of Destruction       Conj           0%         9d5       100%        7
 Ozocubu's Refrigeration  Ice            0%         4d7       100%        7
 Storm Form               Tmut/Air       0%         N/A       100%        7
 Borgnjor's Revivificati  Necr           0%         N/A       100%        8
 Discord                  Hex            0%         N/A       100%        8
 Disjunction              Tloc           0%         N/A       100%        8
 Maxwell's Capacitive Co  Air            0%         ∞         100%        8
 Necromutation            Tmut/Necr      0%         N/A       100%        8
 Death's Door             Necr           0%         N/A       100%        9
 Summon Guardian Golem    Hex/Summ       Unusable   N/A       N/A         3
 Animate Dead             Necr           Unusable   N/A       N/A         4
 Summon Lightning Spire   Summ/Air       Unusable   N/A       N/A         4
 Summon Forest            Summ/Tloc      Unusable   N/A       N/A         5
 Death Channel            Necr           Unusable   N/A       N/A         6
 Summon Cactus Giant      Summ           Unusable   N/A       N/A         6
 Spellforged Servitor     Conj/Summ      Unusable   N/A       N/A         7
 Summon Hydra             Summ           Unusable   N/A       N/A         7

Dungeon Overview and Level Annotations

Branches:
Dungeon (15/15)            Temple (1/1) D:7            Lair (5/5) D:8
 Shoals (4/4) Lair:2       Spider (4/4) Lair:3        Slime (0/5) Lair:5
    Orc (2/2) D:10            Elf (0/3) Orc:2        Vaults (5/5) D:13
  Crypt (1/3) Vaults:3     Depths (4/4) D:15            Zot (5/5) Depths:4
Gauntlet (visited)

Altars:
Ashenzari
Cheibriados
Dithmenos
Elyvilon
Fedhas
Gozag
Hepliaklqana
Kikubaaqudgha
Makhleb
Nemelex Xobeh
Okawaru
Qazlal
Ru
Sif Muna
Trog
Uskayaw
Vehumet
Wu Jian
Xom
Yredelemnul
Zin
The Shining One
Jiyva

Shops:
D:5 *   D:9 (   D:10 :*   Orc:1 ::[   Orc:2 *([[   Shoals:2 (**[   Shoals:4 (
Vaults:3 :

Portals:
Hell: Depths:1 Depths:2 Depths:4
Abyss: Depths:3
Pandemonium: Depths:4
Ziggurat: Depths:4

Annotations:
Shoals:2 Witt's ghost, adept GrFi
Shoals:3 3 runed translucent doors, Kehia's ghost, adept DrWn
Zot:2 3 runed translucent doors, exclusion: obsidian statue


Innate Abilities, Weirdness & Mutations

You have a pair of horns on your head.
You reflexively headbutt those who attack you in melee.
You sometimes lose your temper in combat.
Armour fits poorly on your strangely shaped body.
Your body sometimes deteriorates upon taking damage.
You have an increased reservoir of magic. (+10% MP)
Your movements are slightly less encumbered by armour. (ER -2)


Message History

Unknown command.
You closely miss the orb of fire.
You headbutt the orb of fire, but do no damage.
You miss the orb of fire.
The orb of fire glows red.
Strange energies course through your body.
You feel yourself wasting away.
You completely miss the orb of fire. Your headbutt misses the orb of fire.
Okay, then.
Unknown command.
You can now deal lightning-fast blows.
The orb of fire glows red.
The fireball explodes!
The fireball engulfs you! You resist.
* * * LOW HITPOINT WARNING * * *
The fireball engulfs the orb of fire.
The orb of fire completely resists.
You take 7 damage, and have 23/257 hp.
You now have 25/34 mp.
Unknown command.
You miss the orb of fire.
The orb of fire glows yellow.
The fireball explodes!
The fireball engulfs you! You resist.
* * * LOW HITPOINT WARNING * * *
The fireball engulfs the orb of fire.
The orb of fire completely resists.
You take 10 damage, and have 13/257 hp.
You slash the orb of fire!
You feel better.
The orb of fire glows red.
The bolt of fire misses you.
You regained 8 hp, and now have 21/257 hp.
You feel better.
You regained 5 hp, and now have 26/257 hp.
You feel better.
The orb of fire glows yellow.
The fireball explodes!
The fireball engulfs you!! You resist.
* * * LOW HITPOINT WARNING * * *
Your body deteriorates!
You feel clumsy.
The fireball engulfs the orb of fire.
The orb of fire completely resists.
The orb of fire emits a lurid red light.
The bolt of fire hits you! You resist.
You die...
Okawaru crowns the orb of fire victorious!

###########
#..p▓∩▓p..# ##
▓▓▓▓▓▓▓▓▓ ##
#.▓ ....... ▓.#
#.▓.#.....#.▓.#
#p▓.........▓p#
#▓▓.........▓▓#
#p▓....@....▓p#
#▓▓...*.....▓▓#
#p▓.........▓p#
#.▓.#.....#.▓.#
#.▓ ....... ▓.#
## ▓▓▓▓▓▓▓▓▓ ##
#..p▓p▓p..#
###########


You could see an orb of fire.

Vanquished Creatures
  4 orbs of fire
  2 Killer Klowns
  Saint Roka (Depths:4)
  6 caustic shrikes
  5 golden dragons
  4 electric golems
  A Tzitzimitl (Zot:1)
  Arachne (Spider:2)
  3 doom hounds (Zot:1)
  Jorgrun (Shoals:3)
  Rupert (Lair:4)
  10 tentacled monstrosities
  9 Orb Guardians (Zot:5)
  3 liches
  Grunn (Zot:1)
  Mlioglotl (Spider:2)
  5 titans
  6 quicksilver dragons
  5 shadow dragons
  Polyphemus (Shoals:2)
  8 death cobs
  5 sphinxes
  Agnes (D:14)
  9 tengu reavers
  Roxanne (Shoals:2)
  3 draconian monks
  6 storm dragons
  A rockslime (Depths:3)
  6 fire giants
  2 iron dragons
  13 vault wardens
  6 draconian scorchers
  5 draconian knights
  8 ghost moths
  An orc warlord (Orc:1)
  6 frost giants
  10 emperor scorpions
  4 draconian shifters
  19 ironbound preservers
  6 draconian stormcallers
  2 war gargoyles (Vaults:5)
  16 very ugly things
  5 vampire knights
  9 draconian annihilators
  19 stone giants
  A caustic shrike skeleton (Depths:2)
  7 broodmothers
  9 green draconians
  8 black draconians
  7 ironbound thunderhulks
  A minotaur (Gauntlet)
  10 dire elephants
  16 white draconians
  2 deep elf demonologists (Vaults:5)
  6 entropy weavers
  A spark wasp (shapeshifter) (Vaults:5)
  A deep elf annihilator (Depths:2)
  7 red draconians
  3 putrid mouths
  10 spark wasps
  9 yellow draconians
  18 purple draconians
  3 deep elf death magi
  6 fire dragons
  8 ettins
  7 merfolk impalers
  15 yaktaur captains
  3 merfolk javelineers (Shoals:4)
  A spriggan zombie (Depths:2)
  2 deep elf high priests
  34 vault guards
  5 rakshasas
  7 great orbs of eyes
  12 hydras
  6 boulder beetles
  8 ice dragons
  3 spriggan air magi
  A jorogumo (Spider:4)
  5 catoblepae
  3 ogre magi
  5 radroaches
  12 ironbound frosthearts
  8 merfolk avatars
  3 merfolk aquamancers
  12 centaur warriors
  8 two-headed ogres
  A satyr (shapeshifter) (Vaults:5)
  4 deep troll shamans
  2 satyrs (Shoals:4)
  10 death yaks
  2 alligator snapping turtles (Shoals:4)
  8 tengu warriors
  9 deep troll earth magi
  6 orc high priests
  4 spriggan berserkers (Depths:2)
  3 vampire magi (Depths:2)
  A deep elf knight (Vaults:3)
  A hell knight (Depths:2)
  2 salamander mystics (Depths:2)
  10 iron trolls
  A spriggan (Depths:2)
  18 sea snakes
  A sun moth (Spider:4)
  6 pharaoh ants
  58 deep trolls
  2 glowing orange brains
  A storm dragon skeleton (Depths:2)
  A death drake (shapeshifter) (Vaults:5)
  3 flayed ghosts
  A glowing orange brain (shapeshifter) (Depths:2)
  13 wizards
  A deep elf archer (Vaults:3)
  11 steelbarb worms
  9 orb spiders
  26 harpies
  4 deep elf zephyrmancers (D:11)
  9 necromancers
  12 lindwurms
  7 orc knights
  26 ironbound convokers
  4 phantasmal warriors
  7 deep elf pyromancers
  2 iron dragon zombies (Depths:2)
  12 cyclopes
  A sphinx zombie (Vaults:2)
  A shining eye (Depths:3)
  An orc sorcerer (Orc:1)
  A tengu skeleton (Depths:2)
  17 moths of wrath
  19 wolf spiders
  An oklob plant (Gauntlet)
  54 ugly things
  18 manticores
  7 fauns
  5 black mambas
  10 merfolk sirens
  3 elephants
  A frost giant skeleton (Vaults:2)
  Joseph (Lair:1)
  6 torpor snails
  20 vault sentinels
  8 water nymphs
  A gargoyle (D:10)
  9 cane toads
  2 hellions (Zot:3)
  Psyche (D:9)
  2 yaktaur zombies (Vaults:2)
  An unseen horror (D:11)
  3 freezing wraiths
  8 komodo dragons
  7 demonic crawlers
  3 rime drakes
  2 tormentors
  6 tengu conjurers
  33 yaktaurs
  4 efreet
  An elf (Vaults:1)
  3 meliai (D:15)
  26 merfolk
  8 trolls
  9 hornets
  3 polar bears
  38 slime creatures
  28 tarantellas
  Prince Ribbit (D:9)
  8 wind drakes
  33 dream sheep
  20 blink frogs
  16 snapping turtles
  A human simulacrum (Vaults:2)
  27 jumping spiders
  An elf skeleton (Vaults:4)
  A vampire (D:14)
  23 culicivoras
  4 wraiths
  8 water elementals
  9 shadows
  7 wyverns
  2 basilisks
  40 yaks
  A golden eye (shapeshifter) (D:15)
  55 redbacks
  2 steam dragons
  20 humans (D:13)
  5 vampire mosquitoes
  3 wargs
  A swamp worm (shapeshifter) (Vaults:5)
  12 water moccasins
  2 glowing shapeshifter zombies
  2 acid dragons
  A two-headed ogre zombie (D:10)
  A sky beast (D:6)
  38 orc warriors
  4 ice beasts
  2 black bears (Lair:1)
  21 wolves
  6 ogres
  3 phantoms
  4 centaurs
  4 kobold brigands
  13 bullfrogs
  A human skeleton (Vaults:4)
  5 scorpions
  A glowing shapeshifter simulacrum (Depths:2)
  14 wights
  4 troll zombies (D:10)
  2 electric eels (Lair:4)
  8 howler monkeys
  4 jellies
  Crazy Yiuf (D:6)
  2 gnoll boudas
  31 orc priests
  3 iguanas
  13 orc wizards
  7 hell rats
  3 ogre zombies (D:10)
  7 gnolls
  3 adders
  2 shadow imps (Gauntlet)
  2 white imps
  A dart slug (D:5)
  76 orcs
  6 endoplasms
  4 giant cockroaches
  2 goblins
  5 hobgoblins
  2 jackals (D:2)
  4 quokkas
  3 ball pythons
  2 bats
  A frilled lizard (D:3)
  2 goblin skeletons (D:10)
  A hobgoblin skeleton (D:10)
  3 hobgoblin zombies (D:10)
  16 kobolds
  4 orc skeletons (D:10)
  15 orc zombies (D:10)
  A creeping inferno (Zot:3)
  2 fire vortices (Zot:3)
1868 creatures vanquished.

Vanquished Creatures (others)
  A draconian scorcher (Zot:1)
  A vampire knight (Depths:2)
  A red draconian (Zot:1)
  A spark wasp (Depths:3)
  A manticore (Shoals:1)
  A water nymph (Shoals:2)
  A human (Depths:3)
  16 fungi
  116 plants
139 creatures vanquished.

Grand Total: 2007 creatures vanquished

Notes
Turn   | Place    | Note
-------+----------+-------------------------------------------
     0 | D:1      | pdpol the Minotaur Fighter began the quest for the Orb.
     0 | D:1      | Reached XP level 1. HP: 19/19 MP: 0/0
   401 | D:1      | Reached XP level 2. HP: 26/26 MP: 1/1
   513 | D:2      | Found a faded altar of an unknown god.
   955 | D:2      | Reached XP level 3. HP: 31/31 MP: 2/2
  1011 | D:2      | Found a blossoming altar of Fedhas.
  1627 | D:3      | Reached skill level 5 in Axes
  2173 | D:4      | Identified the +10 rapier of the Butterfly {vamp, +Blink
                  | rN+++ rCorr Str-2}
  2194 | D:4      | Reached XP level 4. HP: 39/39 MP: 3/3
  2389 | D:4      | Reached XP level 5. HP: 43/45 MP: 4/4
  2903 | D:5      | Entered Level 5 of the Dungeon
  2903 | D:5      | Found Mahem's CLEARANCE SALE!.
  2904 | D:5      | Noticed an ogre
  2911 | D:5      | Killed an ogre
  3175 | D:5      | Noticed an ice beast
  3209 | D:5      | Reached XP level 6. HP: 34/51 MP: 5/5
  3439 | D:5      | Reached skill level 4 in Fighting
  3654 | D:5      | Killed an ice beast
  3655 | D:5      | Reached skill level 5 in Fighting
  3809 | D:5      | Reached XP level 7. HP: 61/61 MP: 6/6
  4058 | D:6      | Noticed a yak
  4058 | D:6      | Noticed a yak
  4368 | D:6      | Reached skill level 10 in Axes
  4482 | D:6      | Found a runed translucent door.
  4483 | D:6      | Noticed Crazy Yiuf
  4587 | D:6      | Noticed a yak
  4588 | D:6      | Noticed a yak
  4592 | D:6      | Killed a yak
  4593 | D:6      | Reached skill level 1 in Throwing
  4599 | D:6      | Killed a yak
  4600 | D:6      | Reached skill level 5 in Armour
  4600 | D:6      | Reached XP level 8. HP: 59/68 MP: 7/7
  4788 | D:6      | Reached skill level 6 in Fighting
  4883 | D:6      | Reached skill level 7 in Fighting
  5265 | D:6      | Killed Crazy Yiuf
  5363 | D:7      | Reached skill level 8 in Fighting
  5373 | D:7      | Reached skill level 1 in Dodging
  5383 | D:7      | Reached XP level 9. HP: 79/81 MP: 8/8
  5537 | D:7      | Found a bloodstained altar of Trog.
  5537 | D:7      | Found a basalt altar of Yredelemnul.
  5538 | D:7      | Found an opulent altar of Gozag.
  5635 | D:7      | Found a staircase to the Ecumenical Temple.
  5644 | Temple   | Entered the Ecumenical Temple
  5651 | Temple   | Became a worshipper of Warmaster Okawaru
  6042 | D:8      | Reached skill level 5 in Dodging
  6104 | D:8      | Noticed a white ugly thing
  6115 | D:8      | Killed a white ugly thing
  6115 | D:8      | Reached * piety under Okawaru
  6419 | D:8      | Reached skill level 5 in Invocations
  6823 | D:8      | Found a staircase to the Lair.
  7020 | D:8      | Identified the +3 leather armour of Amorality {rElec rN++
                  | rCorr Stlth+}
  7145 | D:9      | Identified a scroll of acquirement
  7145 | D:9      | Acquired the +4 broad axe of the Ageless Realms {flame,
                  | rElec rF++ Will+ Int-4}
  7224 | D:9      | Found Ficem's Hydra Hut.
  7225 | D:9      | Noticed an eight-headed hydra
  7233 | D:9      | Reached ** piety under Okawaru
  7323 | D:9      | Reached XP level 10. HP: 82/86 MP: 12/12
  7427 | D:9      | Noticed Psyche
  7436 | D:9      | Killed Psyche
  7437 | D:9      | Noticed Prince Ribbit
  7441 | D:9      | Killed Prince Ribbit
  7472 | D:9      | Reached *** piety under Okawaru
  7477 | D:9      | Reached skill level 9 in Fighting
  7734 | D:9      | Found a glowing golden altar of the Shining One.
  8100 | D:10     | Entered Level 10 of the Dungeon
  8203 | D:10     | Reached skill level 10 in Fighting
  8209 | D:10     | Found a staircase to the Orcish Mines.
  8212 | D:10     | Reached **** piety under Okawaru
  8710 | D:10     | Noticed a two-headed ogre
  8719 | D:10     | Killed a two-headed ogre
  8821 | D:10     | Found Jybobuv's Book Shop.
  8826 | D:10     | Noticed a two-headed ogre
  8835 | D:10     | Killed a two-headed ogre
  8836 | D:10     | Reached skill level 11 in Fighting
  8836 | D:10     | Reached XP level 11. HP: 68/102 MP: 13/13
  9256 | D:10     | Found Nuygip's Overcharged Wands.
  9445 | D:11     | Noticed a purple ugly thing
  9459 | D:11     | Killed a purple ugly thing
  9602 | D:11     | Noticed a deep elf pyromancer
  9614 | D:11     | Killed a deep elf pyromancer
  9614 | D:11     | Reached ***** piety under Okawaru
  9637 | D:11     | Noticed a deep elf pyromancer
  9718 | D:11     | Noticed a deep elf pyromancer
  9718 | D:11     | Noticed a deep elf zephyrmancer
  9731 | D:11     | Killed a deep elf pyromancer
  9732 | D:11     | Reached skill level 12 in Fighting
  9732 | D:11     | Killed a deep elf zephyrmancer
  9732 | D:11     | Received a gift from Okawaru
  9736 | D:11     | Noticed a deep elf pyromancer
  9745 | D:11     | Killed a deep elf pyromancer
  9746 | D:11     | Reached skill level 15 in Axes
  9746 | D:11     | Noticed a deep elf zephyrmancer
  9748 | D:11     | Noticed a deep elf pyromancer
 10004 | Lair:1   | Entered Level 1 of the Lair of Beasts
 10149 | Lair:1   | Noticed a four-headed hydra
 10158 | Lair:1   | Killed a one-headed hydra
 10248 | Lair:1   | Noticed a four-headed hydra
 10257 | Lair:1   | Killed a one-headed hydra
 10257 | Lair:1   | Received a gift from Okawaru
 10258 | Lair:1   | Reached skill level 13 in Fighting
 10262 | Lair:1   | Noticed Joseph
 10273 | Lair:1   | Killed Joseph
 10640 | Lair:1   | Identified the +6 scimitar "Vaaraim" {freeze, rN++ Dex-2}
                  | (Okawaru gifted it to you on level 1 of the Lair of Beasts)
 10640 | Lair:1   | Received a gift from Okawaru
 10649 | Lair:1   | Reached XP level 12. HP: 79/115 MP: 8/14
 11024 | Lair:1   | Reached skill level 14 in Fighting
 11111 | Lair:1   | Noticed a boulder beetle
 11125 | Lair:1   | Killed a boulder beetle
 11746 | Lair:2   | Identified the +6 executioner's axe of Floods {freeze, Fly
                  | Str-2 Stlth+} (Okawaru gifted it to you on level 2 of the
                  | Lair of Beasts)
 11746 | Lair:2   | Received a gift from Okawaru
 12318 | Lair:2   | Found a staircase to the Shoals.
 12375 | Lair:2   | Noticed an eight-headed hydra
 12389 | Lair:2   | Killed a five-headed hydra
 12755 | Lair:2   | Acquired the amulet "Yshen" {Reflect rPois Int+2 SH+5 SInv}
 13025 | Lair:3   | Received a gift from Okawaru
 13093 | Lair:3   | Received a gift from Okawaru
 13240 | Lair:3   | Reached ****** piety under Okawaru
 13429 | Lair:3   | Reached XP level 13. HP: 125/125 MP: 16/18
 13846 | Lair:3   | Found a hole to the Spider Nest.
 13880 | Lair:3   | Identified the +1 battleaxe of the Gazing Scavenger
                  | {antimagic, rPois rF+ Dex+3} (Okawaru gifted it to you on
                  | level 3 of the Lair of Beasts)
 13880 | Lair:3   | Received a gift from Okawaru
 14808 | Lair:3   | Reached skill level 10 in Invocations
 15111 | Lair:4   | Reached skill level 1 in Evocations
 15610 | Lair:4   | Noticed Rupert
 15855 | Lair:4   | Killed Rupert
 16337 | Lair:4   | Received a gift from Okawaru
 16669 | Lair:5   | Entered Level 5 of the Lair of Beasts
 16682 | Lair:5   | Found a gate leading to a gauntlet.
 16704 | Gauntlet | Entered a Gauntlet
 16704 | Gauntlet | Found a transporter.
 16711 | Gauntlet | Found a transporter.
 16711 | Gauntlet | Found a transporter.
 16716 | Gauntlet | Found a transporter.
 16716 | Gauntlet | Found a runed translucent door.
 16723 | Gauntlet | Found a transporter.
 16724 | Gauntlet | Found a transporter.
 16732 | Gauntlet | Found a transporter.
 16735 | Gauntlet | Found a transporter.
 16740 | Gauntlet | Found a transporter.
 16744 | Gauntlet | Found a transporter.
 16747 | Gauntlet | Found a transporter.
 16751 | Gauntlet | Found a runed translucent door.
 16751 | Gauntlet | Found a runed translucent door.
 16755 | Gauntlet | Found a transporter.
 16776 | Gauntlet | Found a transporter.
 16801 | Gauntlet | Found a transporter.
 17173 | Gauntlet | Reached skill level 10 in Armour
 17178 | Gauntlet | Received a gift from Okawaru
 17179 | Gauntlet | Reached XP level 14. HP: 99/133 MP: 14/20
 17324 | Gauntlet | Identified the +1 buckler of Beyond {Dex+4 Stlth+}
 18128 | Lair:5   | Found a viscous altar of Jiyva.
 18128 | Lair:5   | Found a staircase to the Slime Pits.
 18279 | Lair:5   | Reached skill level 10 in Dodging
 18744 | Lair:5   | Reached skill level 15 in Fighting
 19310 | Orc:1    | Entered Level 1 of the Orcish Mines
 19413 | Orc:1    | Found Telamumo's Book Shop.
 19424 | Orc:1    | Found an iron altar of Okawaru.
 19520 | Orc:1    | Found Quariep's Book Boutique.
 19520 | Orc:1    | Found Tiklol Weell's Antique Armour Boutique.
 19532 | Orc:1    | Bought a masterwork plate armour for 1092 gold pieces
 19532 | Orc:1    | Identified the +9 plate armour "Hieqiymo" {rC+ rCorr Dex-5}
                  | (You bought it in a shop on level 1 of the Orcish Mines)
 19632 | Orc:2    | Entered Level 2 of the Orcish Mines
 19635 | Orc:2    | Found a staircase to the Elven Halls.
 21060 | Orc:2    | Reached skill level 16 in Fighting
 21502 | Orc:2    | Identified the +2 robe of Terror {Harm +Blink rPois Dex+4}
                  | (Okawaru gifted it to you on level 2 of the Orcish Mines)
 21502 | Orc:2    | Received a gift from Okawaru
 21799 | Orc:2    | Found Impimnaleng's General Store.
 21802 | Orc:2    | Found Huzir's Antique Armour Emporium.
 21803 | Orc:2    | Found Bonuoxt's Armour Shoppe.
 21804 | Orc:2    | Found Rozu's Antique Weapon Shoppe.
 21808 | Orc:2    | Bought a pair of glowing gloves for 180 gold pieces
 22024 | Orc:1    | Noticed an orc warlord
 22034 | Orc:1    | Killed an orc warlord
 22367 | D:11     | Reached XP level 15. HP: 133/145 MP: 21/21
 23711 | D:13     | Reached skill level 17 in Fighting
 24478 | D:13     | Received a gift from Okawaru
 24501 | D:13     | Found a gate to the Vaults.
 24935 | D:14     | Noticed Agnes
 24951 | D:14     | Killed Agnes
 24951 | D:14     | Received a gift from Okawaru
 25538 | D:14     | Received a gift from Okawaru
 26081 | D:15     | Entered Level 15 of the Dungeon
 26093 | D:15     | Reached skill level 18 in Fighting
 26702 | D:15     | Found a shadowy altar of Dithmenos.
 26894 | D:15     | Found a staircase to the Depths.
 27051 | D:15     | Acquired 873 gold pieces
 27598 | Spider:1 | Entered Level 1 of the Spider Nest
 27853 | Spider:1 | Reached XP level 16. HP: 159/159 MP: 22/22
 27862 | Spider:1 | Reached skill level 5 in Shields
 28074 | Spider:1 | Identified the +0 hat of Feral Curiosity {Stlth+} (Okawaru
                  | gifted it to you on level 1 of the Spider Nest)
 28074 | Spider:1 | Received a gift from Okawaru
 29059 | Spider:2 | Reached skill level 10 in Shields
 29660 | Spider:2 | Reached skill level 19 in Fighting
 29770 | Spider:2 | Noticed Arachne
 29784 | Spider:2 | Killed Arachne
 30536 | Spider:2 | Noticed Mlioglotl
 30553 | Spider:2 | Killed Mlioglotl
 30559 | Spider:2 | Reached skill level 20 in Fighting
 30861 | Spider:3 | Received a gift from Okawaru
 31025 | Spider:3 | Identified the +8 broad axe of an ice cave {venom, rN+++
                  | Int-3 Dex+3 SInv} (Okawaru gifted it to you on level 3 of
                  | the Spider Nest)
 31025 | Spider:3 | Received a gift from Okawaru
 31851 | Spider:3 | Found a hide-covered altar of Uskayaw.
 32385 | Spider:4 | Entered Level 4 of the Spider Nest
 32394 | Spider:4 | Reached XP level 17. HP: 147/170 MP: 23/23
 32398 | Spider:4 | Reached skill level 15 in Armour
 32403 | Spider:4 | Received a gift from Okawaru
 32694 | Spider:4 | Identified the +2 pair of boots "Jounuy" {Rampage rElec
                  | rPois Will+} (Okawaru gifted it to you on level 4 of the
                  | Spider Nest)
 32694 | Spider:4 | Received a gift from Okawaru
 33233 | Spider:4 | Identified the +5 war axe "Zusuel" {venom, rCorr Str+3
                  | Dex-2}
 33398 | Spider:4 | Reached skill level 15 in Dodging
 33706 | Spider:4 | Reached skill level 5 in Evocations
 34103 | Spider:4 | Identified the +1 pair of gloves of the Storm King {rPois}
 34159 | Spider:4 | Identified the +0 pair of gloves of the Poles {*Slow rF+
                  | rN++}
 34218 | Spider:4 | Got a gossamer rune of Zot
 34385 | Shoals:1 | Entered Level 1 of the Shoals
 34442 | Shoals:1 | Identified the +2 hat of Creativity {rC+++ Will+ Str-5}
                  | (Okawaru gifted it to you on level 1 of the Shoals)
 34442 | Shoals:1 | Received a gift from Okawaru
 35535 | Shoals:2 | Found a runed translucent gate.
 35536 | Shoals:2 | Found a runed translucent gate.
 35537 | Shoals:2 | Found a runed translucent gate.
 35538 | Shoals:2 | Noticed Witt's ghost (adept GrFi)
 35553 | Shoals:2 | Noticed Roxanne
 35599 | Shoals:2 | Noticed Polyphemus
 35772 | Shoals:2 | Killed Polyphemus
 36056 | Shoals:2 | Killed Roxanne
 36438 | Shoals:2 | Reached XP level 18. HP: 159/178 MP: 26/26
 36570 | Shoals:2 | Found Jibitue's Visitors' Centre.
 36588 | Shoals:2 | Found Jibitue's Merfolk Weapons.
 36900 | Shoals:2 | Found Jibitue's Merfolk Armours.
 36900 | Shoals:2 | Found Jibitue's Merfolk Magic.
 37351 | Shoals:2 | Identified the +2 pair of gloves of the Invisible Dances
                  | {Str+3}
 37392 | Shoals:2 | Identified the +7 executioner's axe of the Lame Duck
                  | {vorpal, *Corrode rPois Will+ Dex+6} (Okawaru gifted it to
                  | you on level 2 of the Shoals)
 37392 | Shoals:2 | Received a gift from Okawaru
 37577 | Shoals:3 | Noticed Jorgrun
 37591 | Shoals:3 | Killed Jorgrun
 37678 | Shoals:3 | Found a runed translucent gate.
 37679 | Shoals:3 | Found a runed translucent gate.
 37680 | Shoals:3 | Found a runed translucent gate.
 37774 | Shoals:3 | Reached skill level 10 in Evocations
 38022 | Shoals:3 | Noticed Kehia's ghost (adept DrWn)
 38352 | Shoals:4 | Entered Level 4 of the Shoals
 38798 | Shoals:4 | Identified the ring of Coronation {Fly rN+ Int+2 Dex+3}
 38929 | Shoals:4 | Received a gift from Okawaru
 39119 | Shoals:4 | Found Fifibey's Weapon Emporium.
 39433 | Shoals:4 | Identified the ring of the Gloaming {rElec AC+4 Int+4
                  | Stlth+}
 40160 | Shoals:4 | Got a barnacled rune of Zot
 40419 | Vaults:1 | Entered Level 1 of the Vaults
 40524 | Vaults:1 | Identified the +8 battleaxe "Leigraum" {flame, Dex+7}
                  | (Okawaru gifted it to you on level 1 of the Vaults)
 40524 | Vaults:1 | Received a gift from Okawaru
 41030 | Vaults:1 | Reached skill level 21 in Fighting
 41030 | Vaults:1 | Reached XP level 19. HP: 136/189 MP: 19/27
 41538 | Vaults:1 | Identified the +1 buckler of the Cricket {Rampage *Slow
                  | rElec Str-2} (Okawaru gifted it to you on level 1 of the
                  | Vaults)
 41538 | Vaults:1 | Received a gift from Okawaru
 42919 | Vaults:2 | Reached skill level 22 in Fighting
 43672 | Vaults:2 | Received a gift from Okawaru
 43673 | Vaults:2 | Reached skill level 15 in Shields
 44767 | Vaults:3 | Reached skill level 23 in Fighting
 45075 | Vaults:3 | Identified the +0 hat of the Merchant {Regen+ Str+4 Int-5
                  | Stlth+} (Okawaru gifted it to you on level 3 of the Vaults)
 45075 | Vaults:3 | Received a gift from Okawaru
 45076 | Vaults:3 | Reached XP level 20. HP: 204/204 MP: 28/28
 45765 | Vaults:3 | Found a staircase to the Crypt.
 46189 | Vaults:3 | Found Mukkuot's Book Emporium.
 46637 | Crypt:1  | Entered Level 1 of the Crypt
 46692 | Vaults:4 | Reached skill level 24 in Fighting
 47114 | Vaults:4 | Identified the +2 buckler "Hukoxt" {Harm MP+9}
 47279 | Vaults:4 | Received a gift from Okawaru
 48304 | Vaults:4 | Identified the amulet "Qeuss" {Will+ Regen+}
 48576 | Depths:1 | Entered Level 1 of the Depths
 48591 | Depths:1 | Received a gift from Okawaru
 49156 | Depths:1 | Reached XP level 21. HP: 215/215 MP: 29/29
 49173 | Depths:1 | You fall into a shaft and drop 1 floor!
 49504 | Depths:2 | Reached skill level 25 in Fighting
 49533 | Depths:2 | Received a gift from Okawaru
 49844 | Depths:2 | Identified the +0 robe of Supple Strength {Rampage Slay+3}
 49845 | Depths:2 | Noticed a caustic shrike
 49847 | Depths:2 | Found the +0 mask of the Dragon {Will+ Slay+3 SInv}
 49858 | Depths:2 | Killed a caustic shrike
 50246 | Depths:2 | Got the Precepts of the Torrid Voyage
 50774 | Depths:3 | Gained mutation: You are clumsy. (Dex -2) [a shining eye]
 50891 | Depths:3 | Found a one-way gate to the infinite horrors of the Abyss.
 50914 | Depths:4 | Entered Level 4 of the Depths
 50923 | Depths:4 | Received a gift from Okawaru
 51497 | Depths:2 | Found a gateway to Hell.
 51688 | Depths:2 | Found a white marble altar of Elyvilon.
 52110 | Depths:2 | Received a gift from Okawaru
 52193 | Depths:2 | Received a gift from Okawaru
 52586 | Depths:4 | Found a one-way gateway to a ziggurat.
 52620 | Depths:4 | Found a one-way gate leading to the halls of Pandemonium.
 52741 | Depths:4 | Reached skill level 26 in Fighting
 52748 | Depths:4 | Reached XP level 22. HP: 207/228 MP: 30/30
 52769 | Depths:4 | Noticed a caustic shrike
 52770 | Depths:4 | Noticed a caustic shrike
 52770 | Depths:4 | Noticed a caustic shrike
 52771 | Depths:4 | Noticed a caustic shrike
 52773 | Depths:4 | Noticed a caustic shrike
 52783 | Depths:4 | Killed a caustic shrike
 52789 | Depths:4 | Killed a caustic shrike
 52789 | Depths:4 | Killed a caustic shrike
 52792 | Depths:4 | Killed a caustic shrike
 52792 | Depths:4 | Received a gift from Okawaru
 52797 | Depths:4 | Killed a caustic shrike
 53228 | Depths:4 | Found a gate to the Realm of Zot.
 53602 | Depths:4 | Received a gift from Okawaru
 53779 | Depths:4 | Noticed Saint Roka
 53794 | Depths:4 | Killed Saint Roka
 53881 | Depths:3 | Noticed a golden dragon
 53890 | Depths:3 | Received a gift from Okawaru
 53897 | Depths:3 | Killed a golden dragon
 56587 | Vaults:4 | Reached skill level 27 in Fighting
 56587 | Vaults:4 | Reached XP level 23. HP: 240/240 MP: 31/31
 56625 | Vaults:5 | Entered Level 5 of the Vaults
 56656 | Vaults:5 | Received a gift from Okawaru
 57013 | Vaults:5 | Identified the ring of Ysaomn {rPois Dex+5}
 57043 | Vaults:5 | Found the +2 cloak of the Thief {*Fog Slay-2 SInv Stlth+}
 57173 | Vaults:5 | Identified the amulet "Goceesh" {Faith Str+3}
 57201 | Vaults:5 | Identified the +7 scimitar "Spiderbane" {vorpal, Will+
                  | Str+3 Stlth+}
 57355 | Vaults:5 | Received a gift from Okawaru
 57511 | Vaults:5 | Got the Exposition on Evolution
 57513 | Vaults:5 | Identified the +1 ring mail "Biju" {rF+ Int+6}
 57545 | Vaults:5 | Got the Book of Fire
 57553 | Vaults:5 | Got the Tome of Moulding and Kindling
 57584 | Vaults:5 | Got a silver rune of Zot
 57961 | Zot:1    | Entered Level 1 of the Realm of Zot
 57962 | Zot:1    | Noticed an orb of fire
 57981 | Zot:1    | Reached XP level 24. HP: 156/249 MP: 25/31
 57985 | Zot:1    | Killed an orb of fire
 57994 | Zot:1    | Received a gift from Okawaru
 58780 | Zot:1    | Noticed a Killer Klown
 58787 | Zot:1    | Killed a Killer Klown
 58787 | Zot:1    | Received a gift from Okawaru
 59551 | Zot:1    | Identified the +9 broad axe of Inconvenience {holy, rC-
                  | Dex+5} (Okawaru gifted it to you on level 1 of the Realm of
                  | Zot)
 59551 | Zot:1    | Received a gift from Okawaru
 61045 | Zot:4    | Noticed a Killer Klown
 61060 | Zot:4    | Killed a Killer Klown
 61748 | Zot:2    | Found a runed translucent gate.
 61749 | Zot:2    | Found a runed translucent gate.
 61749 | Zot:2    | Found an opulent altar of Gozag.
 61750 | Zot:2    | Found a runed translucent gate.
 61790 | Zot:1    | Noticed Grunn
 61819 | Zot:1    | Identified the +0 pair of gloves of Xyowk {Fly rPois rN+
                  | Int-3} (Okawaru gifted it to you on level 1 of the Realm of
                  | Zot)
 61819 | Zot:1    | Received a gift from Okawaru
 62118 | Zot:1    | Killed Grunn
 62423 | Zot:3    | Reached XP level 25. HP: 255/257 MP: 31/31
 62942 | Zot:5    | Entered Level 5 of the Realm of Zot
 63965 | Zot:5    | Noticed an orb of fire
 63979 | Zot:5    | Noticed an orb of fire
 63982 | Zot:5    | Gained mutation: Your movements are slightly less
                  | encumbered by armour. (ER -2) [an orb of fire]
 63992 | Zot:5    | Killed an orb of fire
 64305 | Zot:5    | Gained mutation: Your magical capacity is low. (-10% MP)
                  | [an orb of fire]
 64314 | Zot:5    | Gained mutation: You sometimes lose your temper in combat.
                  | [an orb of fire]
 64320 | Zot:5    | Gained mutation: You have an uncontrollable temper. [an orb
                  | of fire]
 64328 | Zot:5    | Killed an orb of fire
 64485 | Zot:5    | Lost mutation: Your magical capacity is low. (-10% MP)
                  | [potion of mutation]
 64485 | Zot:5    | Lost mutation: You are clumsy. (Dex -2) [potion of
                  | mutation]
 64485 | Zot:5    | Lost mutation: You have an uncontrollable temper. [potion
                  | of mutation]
 64485 | Zot:5    | Gained mutation: You have an increased reservoir of magic.
                  | (+10% MP) [potion of mutation]
 64586 | Zot:5    | Noticed an orb of fire
 64588 | Zot:5    | Noticed an orb of fire
 64596 | Zot:5    | Killed an orb of fire
 64596 | Zot:5    | Received a gift from Okawaru
 64600 | Zot:5    | Noticed an orb of fire
 64607 | Zot:5    | Gained mutation: Armour fits poorly on your strangely
                  | shaped body. [an orb of fire]
 64608 | Zot:5    | Noticed an orb of fire
 64616 | Arena    | Entered the Arena
 64630 | Arena    | Gained mutation: Your body sometimes deteriorates upon
                  | taking damage. [an orb of fire]
 64637 | Arena    | HP: 11/257 [orb of fire/fireball (26)]
 64637 | Arena    | Killed from afar by an orb of fire

Illustrated notes

Levels and vault maps discovered:
D:1:      minmay_arrival_up_and_down, layout_rooms, serial_bayou_pond_a
D:2:      layout_basic, basic_altar, basic_ecumenical_altar,
          nicolae_hexahallways
D:3:      layout_basic, minmay_diced_spiral
D:4:      layout_layer_cave
D:5:      layout_rooms, serial_co_window_serial, co_window_corner_a,
          co_window_paths_b, co_window_paths_a, co_window_paths_b,
          co_window_cross_1, co_window_paths_c, co_window_corner_cb,
          co_window_2corner, co_window_2corner, co_window_of_opportunity_b,
          co_window_broadway_b, co_window_of_opportunity_b, glass_columns_a,
          glass_columns_a, glass_columns_a, nicolae_shop_clearance
D:6:      layout_loops_ring, uniq_crazy_yiuf_cottage
D:7:      layout_basic, gammafunk_temple_overflow_forgotten,
          minmay_temple_entry_arrows, minmay_fractal_squares_gapless_5
D:8:      layout_loops_ring, lair_entry_dummy
D:9:      layout_rooms, tso_altar, doesnt_shop_hydraphobe, uniq_prince_ribbit1,
          uniq_psyche
D:10:     layout_irregular_city, zombieorc2_lemuel, serial_shops,
          nicolae_stop_n_shop_1, nicolae_shop_overcharged_wands
D:11:     layout_roguey, hangedman_decor_push, elves_outpost_lemuel
D:12:     layout_small_grid
D:13:     layout_gridville, grunt_vaults_entry_tiered
D:14:     layout_grid_maze, chequers_serial_rivers_marsh, uniq_agnes
D:15:     gammafunk_enter_depths_forms, layout_small_grid,
          grunt_dithmenos_smoke_and_mirrors
Temple:   nicolae_temple_no_exploring_needed
Lair:1:   layout_hall_layers, lemuel_fruit_tree, infiniplex_staircase_pool_2,
          uniq_joseph
Lair:2:   layout_hall_layers, elwin_shoals_entry_rooms
Lair:3:   layout_long_grid, spider_nest_entry_a, minmay_shattered_shrine
Lair:4:   layout_regular_city, dreamdust_wasp_nest, grunt_megastairs_3,
          infiniplex_staircase_pool, uniq_rupert
Lair:5:   hangedman_lair_in_review, layout_big_grid, wormcave,
          dpeg_slime_entry_enclosed, gauntlet_entry_generic
Shoals:1: layout_shoals
Shoals:2: nicolae_shoals_mermall, layout_shoals, gammafunk_ghost_tricky_traps,
          uniq_polyphemus, uniq_roxanne
Shoals:3: layout_shoals, ebering_ghost_rock_garden, hangedman_shoals_cup_caves,
          uniq_jorgrun
Shoals:4: shoals_end_simple, layout_shoals, serial_shops, shop
Spider:1: lemuel_spider_zombies
Spider:2: layout_spider_delve, uniq_arachne, uniq_mlioglotl
Spider:3: layout_spider_delve, nicolae_spider_altar_of_dancing
Spider:4: guppyfry_spider_rune, nicolae_spider_checkerboard
Orc:1:    layout_diamond_mine, serial_shops, nicolae_shop_window_shopping, shop,
          shop, basic_altar, okawaru_metal_pillars_3
Orc:2:    st_orc_pillars, layout_caves, portal_ice_cave_entry_pillars_2,
          nicolae_orc_rockfall
Vaults:1: vaults_room_door_ring, ontoclasm_vaults_ligature,
          nicolae_vaults_network_quinsquares
          [nicolae_vaults_network_quincunx_subvault,
          nicolae_vaults_network_quincunx_subvault,
          nicolae_vaults_network_quincunx_subvault,
          nicolae_vaults_network_quincunx_subvault],
          nicolae_vaults_shelves_hall, v_misc_18, v_misc_29,
          nicolae_vaults_little_squares_6, nicolae_vaults_little_squares_2,
          v_misc_3, vaults_dpeg_diagonal, nicolae_vaults_holding_cells,
          layout_vaults_omnigrid
Vaults:2: v_misc_9, grunt_vaults_diagonal, v_misc_33,
          ontoclasm_vaults_loading_screen, hangedman_vaults_unwind,
          hangedman_vaults_maws, nicolae_vaults_circle_grid_a,
          nicolae_vaults_windows_and_doors_thing, nicolae_vaults_angled_halls,
          v_misc_2, ontoclasm_vaults_gateway, nicolae_vaults_rhombus_6,
          v_misc_19, vaults_room_hallway, layout_vaults_ring
Vaults:3: nicolae_vaults_good_morning_starshine, v_misc_19,
          hangedman_vaults_hat, hangedman_vaults_restitches,
          nicolae_vaults_asterisk, v_pattern_1, v_misc_2, v_rooms_2,
          minmay_crypt_entry_nasty_monster, hangedman_vaults_maws,
          vaults_dpeg_encased_lava, layout_vaults_big_cross, serial_shops, shop
Vaults:4: vaults_mumra_chevron, st_smaller_cells, v_misc_3,
          nicolae_vaults_three_branches, v_misc_16, ontoclasm_vaults_spin,
          hangedman_vaults_corner_blocks, nicolae_vaults_angled_halls,
          dpeg_vaults_monster_box, vaults_room_stairs_pillars,
          hangedman_vaults_trim, grunt_vaults_hallway_short, v_misc_13,
          layout_vaults_big_room
Vaults:5: serial_shops
Crypt:1:  layout_regular_city, uniq_boris
Depths:1: layout_forbidden_donut, corexii_hall_statues_x, hell_entry,
          led_sif_pool
Depths:2: hangedman_six_sided_sadism, layout_gridlike, hell_entry,
          grunt_pan_entry_sceptre, nicolae_elyvilon_temple_path
Depths:3: dreamdust_experimentation, layout_gridville, special_room
          [special_room_jelly], pf_hell_entry_great_geh, abyss_entry_glasseish,
          minmay_misc_feat_secret_circle, infiniplex_staircase_pillars_3a
Depths:4: grunt_zot_entry_funnels, layout_twisted_cross, enter_ziggurat_a,
          pan_entry, hell_entry, hangedman_abyss_or_decor_stagger,
          uniq_saint_roka
Zot:1:    cheibrodos_zot_enchanting_chambers, layout_cathedral_of_symmetry,
          st_stairs_4, grunt_megastairs_5, uniq_grunn
Zot:2:    layout_onion, ebering_ghost_gozag, hangedman_zot_wheel_spokes,
          hangedman_zot_decor_scrapings
Zot:3:    layout_twisted_circle, hangedman_hellfire_club, grunt_megastairs_4
Zot:4:    layout_onion_interference, st_small_dragon_hoard_3
Zot:5:    layout_twisted_circle
Arena

Skill      XL: |  1  2  3  4  5  6  7  8  9 10 11 12 13 14 15 16 17 18 19 20 21 22 23 24 |
---------------+-------------------------------------------------------------------------+-----
Axes           | 3 4 5 6 7 8 10 11 14 16 18 | 18.0
Fighting       | 5 8 11 13 14 16 18 20 21 23 24 26 27 | 27.0
Throwing       | 2 4 |  4.0
Armour         | 5 6 10 11 13 14 15 17 19 20 21 24 | 24.9
Dodging        | 2 5 7 11 12 13 15 16 18 19 20 21 | 21.7
Invocations    | 5 8 10 12 | 12.0
Evocations     | 4 8 12 | 12.0
Shields        | 4 10 12 15 16 18 | 18.7

Action                   |  1- 3 |  4- 6 |  7- 9 | 10-12 | 13-15 | 16-18 | 19-21 | 22-24 | 25-27 || total
-------------------------+-------+-------+-------+-------+-------+-------+-------+-------+-------++-------
Melee: War axe           |    60 |    61 |   189 |    22 |     8 |       |       |       |       ||   340
       Headbutt          |     8 |    14 |    44 |    76 |   256 |   416 |   494 |   364 |    87 ||  1759
       Broad axe         |       |       |     9 |   332 |   931 |  1450 |  1467 |  1029 |   249 ||  5467
Throw: Dart              |       |       |       |    15 |    18 |    54 |       |       |       ||    87
       Stone             |       |       |       |     4 |       |       |       |       |       ||     4
       Javelin           |       |       |       |       |       |     2 |       |       |       ||     2
       Boomerang         |       |       |       |       |       |     6 |       |       |       ||     6
Invok: Finesse           |       |       |       |     2 |    11 |    12 |     5 |     7 |     3 ||    40
       Heroism           |       |       |       |       |    10 |    11 |     5 |     8 |     3 ||    37
       Duel              |       |       |       |       |       |       |       |       |     1 ||     1
Evoke: Wand              |       |     1 |       |     1 |     3 |     4 |       |       |       ||     9
       Condenser vane    |       |       |       |       |       |       |       |     2 |       ||     2
  Use: Scroll            |       |    17 |     6 |     4 |     5 |     3 |       |    12 |     2 ||    49
       Potion            |       |       |     1 |       |     2 |     4 |     1 |     5 |    13 ||    26
 Stab: Petrified         |       |       |       |       |     3 |       |       |       |       ||     3
       Petrifying        |       |       |       |       |     1 |       |       |       |       ||     1
       Distracted        |       |       |       |       |       |       |     1 |       |       ||     1
Armor: Scale mail        |    29 |    18 |    13 |       |       |       |       |       |       ||    60
       Plate armour      |       |       |    75 |   176 |   350 |   754 |   555 |    90 |       ||  2000
       Gold dragon scale |       |       |       |       |       |       |       |   382 |    88 ||   470
Dodge: Dodged            |    32 |    20 |    50 |   127 |   305 |   553 |   492 |   413 |    99 ||  2091
Block: Buckler           |    21 |    17 |    37 |    91 |   370 |       |       |       |       ||   536
       Reflection        |       |       |       |       |    18 |    61 |    30 |    21 |       ||   130
       Kite shield       |       |       |       |       |    15 |  1297 |  1125 |   836 |   175 ||  3448
